 Dungeon Crawl Stone Soup version 0.21-a0-346-g330ab2c (webtiles) character file.

29190 Amnesiac the Geomancer (level 13, -2/98 HPs)
             Began as a Gnoll Earth Elementalist on Oct 5, 2017.
             Was a Believer of Ashenzari.
             Slain by a catoblepas (31 damage)
             ... on level 12 of the Dungeon.
             The game lasted 00:36:29 (14502 turns).

Amnesiac the Geomancer (Gnoll Earth Elementalist)  Turns: 14502, Time: 00:36:29

Health: -2/98      AC:  9    Str: 16    XL:     13   Next: 43%
Magic:  3/26       EV: 20    Int: 23    God:    Ashenzari [**....]
Gold:   607        SH:  0    Dex: 19    Spells: 6/31 levels left

rFire    . . .     SeeInvis .   x - +3 short sword (speed)
rCold    . . .     Gourm    .   (no shield)
rNeg     . . .     Faith    .   c - +0 robe
rPois    .         Spirit   .   e - +0 helmet
rElec    +         Reflect  .   T - +2 cloak {MR+}
rCorr    .         Harm     .   I - +0 pair of gloves
MR       +....                  (no boots)
Stlth    ++++......             V - amulet of rage
HPRegen  0.26/turn              J - +2 ring of protection (curse)
MPRegen  0.20/turn              Q - ring of Lucidity {rElec AC+3 Dex+4} (curse)

@: mighty, barbed spikes, corroded
A: distributed training, fangs 1, strong nose
a: Curse Item, Scrying, Renounce Religion, Evoke Berserk Rage


You were on level 12 of the Dungeon.
You worshipped Ashenzari.
Ashenzari was pleased with you.
You were hungry.

You visited 2 branches of the dungeon, and saw 13 of its levels.
You also visited: Ossuary and Ice Cave.

You collected 1171 gold pieces.
You spent 564 gold pieces at shops.

Inventory:

Hand Weapons
 x - a +3 short sword of speed (weapon)
 K - a +0 blowgun
 W - the cursed +2 rapier "Wawah" {flame, rN+ Int+6}
   (You took it off a centaur on level 9 of the Dungeon)

   It has been specially enchanted to burn those struck by it, causing extra
   injury to most foes and up to half again as much damage against particularly
   susceptible opponents.
   It affects your intelligence (+6).
   It protects you from negative energy.
   It has a curse placed upon it.
Missiles
 b - 206 stones (quivered)
 w - 3 throwing nets
 H - 60 poisoned needles
 U - 2 needles of confusion
Armour
 c - a +0 robe (worn)
 e - a +0 helmet (worn)
 y - a scarf of resistance
 I - a +0 pair of gloves (worn)
 T - a +2 cloak of magic resistance (worn)
Jewellery
 J - a cursed +2 ring of protection (left hand)
 N - an uncursed ring of wizardry
 Q - the cursed ring of Lucidity (right hand) {rElec AC+3 Dex+4}
   (You bought it in a shop on level 5 of the Dungeon)

   [ring of protection]

   It affects your AC (+3).
   It affects your dexterity (+4).
   It insulates you from electricity.
   It has a curse placed upon it.
 S - an uncursed ring of ice
 V - an amulet of rage (around neck)
Wands
 m - a wand of lightning (6/15)
 G - a wand of lightning (9/15)
 P - a wand of lightning (8/15)
 X - a wand of paralysis (17/24)
Scrolls
 a - 11 scrolls of remove curse {!r}
 h - 11 scrolls of identify {!r}
 q - 3 scrolls of enchant armour {!r}
 t - 2 scrolls of fear {!r, unknown}
 u - 2 scrolls of blinking {!r, unknown}
 D - a scroll of random uselessness {!r, unknown}
 E - 2 scrolls of fog {!r, unknown}
 F - a scroll of amnesia {!r, unknown}
 M - a scroll of recharging {!r}
Potions
 g - 3 potions of might {!q}
 i - 5 potions of curing {!q}
 j - 3 potions of agility {!q, unknown}
 k - 2 potions of magic {!q, unknown}
 l - 4 potions of heal wounds {!q}
 n - 2 potions of mutation {!q, unknown}
 o - 4 potions of lignification {!q, unknown}
 p - 3 potions of berserk rage {!q, unknown}
 r - 2 potions of flight {!q, unknown}
 s - a potion of invisibility {!q, unknown}
 v - 3 potions of degeneration {!q, unknown}
 C - 2 potions of brilliance {!q, unknown}
 L - a potion of ambrosia {!q, unknown}
 R - 2 potions of haste {!q}
Books
 f - a book of Summonings

   Spells                             Type                      Level
   a - Recall                         Summoning/Translocation      3
   b - Aura of Abjuration             Summoning                    5
   c - Summon Demon                   Summoning                    5
   d - Summon Forest                  Summoning/Translocation      5
   e - Summon Mana Viper              Hexes/Summoning              5
   f - Shadow Creatures               Summoning                    6
 B - a book of Ice

   Spells                             Type                      Level
   a - Ice Form                       Ice/Transmutation            4
   b - Metabolic Englaciation         Hexes/Ice                    5
   c - Ozocubu's Refrigeration        Ice                          6
   d - Bolt of Cold                   Conjuration/Ice              6
   e - Freezing Cloud                 Conjuration/Ice/Air          6
   f - Simulacrum                     Ice/Necromancy               6
Comestibles
 d - 6 bread rations
 z - 11 royal jellies
 A - 6 meat rations
 O - 9 chunks of flesh


   Skills:
 + Level 8.1 Fighting
 + Level 8.1 Short Blades
 + Level 8.1 Long Blades
 + Level 8.1 Axes
 + Level 8.1 Maces & Flails
 + Level 8.1 Polearms
 + Level 8.1 Staves
 + Level 8.1 Slings
 + Level 8.1 Bows
 + Level 8.1 Crossbows
 + Level 8.1 Throwing
 + Level 8.1 Armour
 + Level 9.4 Dodging
 + Level 9.2 Stealth
 + Level 8.1 Shields
 + Level 8.1 Unarmed Combat
 + Level 9.6 Spellcasting
 + Level 8.1(9.6) Conjurations
 + Level 8.1(9.6) Hexes
 + Level 8.1(9.6) Charms
 + Level 8.1(9.6) Summonings
 + Level 8.1(9.6) Necromancy
 + Level 8.1(9.6) Translocations
 + Level 8.6(10.0) Transmutations
 + Level 8.1(9.6) Fire Magic
 + Level 8.1(9.6) Ice Magic
 + Level 8.1(9.6) Air Magic
 + Level 10.4(11.7) Earth Magic
 + Level 8.1(9.6) Poison Magic
 + Level 8.1 Invocations
 + Level 8.1(9.6) Evocations


You had 6 spell levels left.
You knew the following spells:

 Your Spells              Type           Power        Failure   Level  Hunger
a - Sandblast             Erth           ######       1%          1    None
b - Passwall              Tmut/Erth      ######....   1%          2    None
c - Summon Butterflies    Summ           ######..     1%          1    None
d - Lee's Rapid Deconstr  Erth           ######....   1%          5    ####...
e - Petrify               Tmut/Erth      ######..     1%          4    ##.....
f - Iron Shot             Conj/Erth      ######....   11%         6    ######.
g - Shadow Creatures      Summ           N/A          17%         6    ######.


Dungeon Overview and Level Annotations

Branches:
Dungeon (12/15)            Temple (1/1) D:6            Lair (0/6) D:10
    Orc (0/2) D:11

Altars:
Ashenzari
Cheibriados
Dithmenos
Elyvilon
Fedhas
Gozag
Hepliaklqana
Kikubaaqudgha
Makhleb
Nemelex Xobeh
Okawaru
Qazlal
Ru
Sif Muna
Trog
Uskayaw
Vehumet
Wu Jian
Xom
Yredelemnul
Zin
The Shining One

Shops:
D:5 (=   D:8 :


Innate Abilities, Weirdness & Mutations

Your experience applies equally to all skills.
You have very sharp teeth.
Your uncanny sense of smell can sniff out nearby items.


Message History

The catoblepas roars fiercely, eyes lowered.
You hit the yak.
The yak is lightly wounded.
The yak closely misses you.
You puncture the yak!
The yak is moderately wounded.
The catoblepas misses you.
You hit the yak.
The yak is heavily wounded.
The yak gores you but does no damage.
You puncture the yak!
The yak is almost dead.
The catoblepas gores you!! The hippogriff barely misses you.
The hippogriff pecks you but does no damage.
The hippogriff misses you.
You barely miss the hippogriff. You bite the hippogriff.
The hippogriff is lightly wounded.
The yak closely misses you.
You impale the yak!!
You kill the yak!
The catoblepas breathes a plume of calcifying dust at you.
The blast of calcifying dust hits you!
Unknown command.
The barbs in your skin will harm you if you move.
Continue?
The barbed spikes dig painfully into your body as you move.
You hit the hippogriff.
The hippogriff is lightly wounded.
The hippogriff misses you. The hippogriff pecks you.
The hippogriff completely misses you.
You puncture the hippogriff!
The hippogriff is moderately wounded.
The catoblepas gores you.
Really walk into that cloud of calcifying dust?
Okay, then.
The barbed spikes dig painfully into your body as you move.
The catoblepas breathes a plume of calcifying dust at you.
The blast of calcifying dust hits the hippogriff.
The blast of calcifying dust hits you!
* * * LOW HITPOINT WARNING * * *
Unknown command.
The barbed spikes dig painfully into your body as you move.
* * * LOW HITPOINT WARNING * * *
The hippogriff is engulfed in calcifying dust.
The hippogriff is moving more slowly.
Unknown command.
You puncture the hippogriff!
The hippogriff is severely wounded.
You puncture the hippogriff! You bite the hippogriff.
You kill the hippogriff!
Unknown command.
You puncture the acid dragon! You bite the acid dragon!
The acid dragon is severely wounded.
The acid dragon spits acid at you. The splash of acid hits you!
The acid corrodes you!
You are splashed with acid!
The acid burns!
* * * LOW HITPOINT WARNING * * *
You hear a loud, deep croak!
A shadow imp comes into view.
You hit the acid dragon.
The acid dragon is almost dead.
You closely miss the acid dragon. You bite the acid dragon.
You kill the acid dragon!
The catoblepas gores you!!
You die...

..# , ,#.#,≈ ≈.≈ ≈, ,
..#,, #.# ∆ #.# ..# ,
#.#, ,##.## * ..# ,
#.#####...#####.
..#######.5...†.......(.
,
........................
, ,
......#######...§.......
,,##### ......#
#..§Y....... #....
......# #...@§......
#.... ......#
#..######### , #....
###...# #..#, , , ##....
#...# ##.#, ,......
#...# #.## , ......
#...########..#, , ,
...... #.............#
#####. ###.............#
, , , ,, #.
................#, , ,
,,#.


You could see a catoblepas and a shadow imp.

Vanquished Creatures
  A frost giant (IceCv)
  A catoblepas (D:12)
  Erolcha (D:9)
  A hydra (D:12)
  A death yak (IceCv)
  5 two-headed ogres
  5 skeletal warriors (D:12)
  2 unseen horrors
  Pikel (D:5)
  A cyclops (D:11)
  2 manticores (D:12)
  The ghost of 4thArraOfDagon the Fighter, a novice HOEn of Beogh (D:5)
  An ice statue (IceCv)
  Maurice (D:8)
  A rime drake (IceCv)
  3 trolls
  A queen bee (D:9)
  8 polar bears (IceCv)
  Prince Ribbit (D:9)
  A hornet (D:12)
  3 hippogriffs
  A shadow (D:12)
  29 yaks
  A wyvern (D:12)
  A basilisk (D:11)
  A hungry ghost (D:9)
  Grum (D:9)
  A wraith (D:12)
  A steam dragon (D:9)
  3 wargs (D:11)
  A soldier ant (D:11)
  An acid dragon (D:12)
  A water moccasin (D:8)
  4 orc warriors
  2 sky beasts
  4 slaves (D:5)
  4 phantoms
  A black bear (D:11)
  3 ice beasts
  3 ogres
  14 wolves
  10 centaurs
  2 crocodiles
  3 big kobolds
  4 bullfrogs
  A water moccasin zombie (D:10)
  A scorpion (D:5)
  The ghost of 4thArraOfDagon the Vexing, a weakling HOEn (D:4)
  21 killer bees (D:9)
  2 howler monkeys
  2 crimson imps
  A quasit (D:11)
  2 bullfrog zombies
  4 bullfrog skeletons
  4 jellies
  4 orc priests
  3 hounds
  8 orc wizards
  3 centaur skeletons
  5 iguanas
  3 worker ants
  A big kobold zombie (Ossuary)
  A hound skeleton (D:11)
  A howler monkey zombie (D:7)
  8 mummies (Ossuary)
  A worker ant zombie (D:11)
  12 gnolls
  A howler monkey skeleton (D:9)
  22 adders
  A shadow imp (D:6)
  12 white imps (D:12)
  2 oozes
  An adder zombie (D:9)
  2 adder skeletons
  3 worms
  A dart slug (D:3)
  4 leopard geckos
  40 orcs
  3 ball pythons
  12 giant cockroaches
  7 goblins
  6 hobgoblins
  4 jackals (D:6)
  17 kobolds
  4 quokkas
  9 bats
  6 frilled lizards
  3 gnoll zombies (Ossuary)
  A hobgoblin zombie (Ossuary)
  3 kobold zombies (Ossuary)
  A leopard gecko skeleton (D:5)
  7 rats
399 creatures vanquished.

Vanquished Creatures (others)
  A rime drake (IceCv)
  3 polar bears (IceCv)
  2 yaks (IceCv)
  6 wolves (IceCv)
12 creatures vanquished.

Grand Total: 411 creatures vanquished

Notes
Turn   | Place    | Note
-------+----------+-------------------------------------------
     0 | D:1      | Amnesiac the Gnoll Earth Elementalist began the quest for the Orb.
     0 | D:1      | Reached XP level 1. HP: 13/13 MP: 6/6
   185 | D:1      | Reached XP level 2. HP: 19/19 MP: 7/7
   189 | D:1      | Learned a level 2 spell: Passwall
   380 | D:3      | Reached skill level 5 in Spellcasting
   380 | D:3      | Reached XP level 3. HP: 17/25 MP: 3/9
   666 | D:5      | Entered Level 5 of the Dungeon
   707 | D:4      | Reached skill level 1 in Fighting
   707 | D:4      | Reached skill level 1 in Short Blades
   707 | D:4      | Reached skill level 1 in Long Blades
   707 | D:4      | Reached skill level 1 in Axes
   707 | D:4      | Reached skill level 1 in Maces & Flails
   707 | D:4      | Reached skill level 1 in Polearms
   707 | D:4      | Reached skill level 1 in Staves
   707 | D:4      | Reached skill level 1 in Slings
   707 | D:4      | Reached skill level 1 in Bows
   707 | D:4      | Reached skill level 1 in Crossbows
   707 | D:4      | Reached skill level 1 in Throwing
   707 | D:4      | Reached skill level 1 in Armour
   707 | D:4      | Reached skill level 1 in Shields
   707 | D:4      | Reached skill level 1 in Unarmed Combat
   707 | D:4      | Reached skill level 1 in Conjurations
   707 | D:4      | Reached skill level 1 in Hexes
   707 | D:4      | Reached skill level 1 in Charms
   707 | D:4      | Reached skill level 1 in Summonings
   707 | D:4      | Reached skill level 1 in Necromancy
   707 | D:4      | Reached skill level 1 in Translocations
   707 | D:4      | Reached skill level 1 in Fire Magic
   707 | D:4      | Reached skill level 1 in Ice Magic
   707 | D:4      | Reached skill level 1 in Air Magic
   707 | D:4      | Reached skill level 1 in Poison Magic
   707 | D:4      | Reached skill level 1 in Invocations
   707 | D:4      | Reached skill level 1 in Evocations
   707 | D:4      | Reached XP level 4. HP: 16/32 MP: 7/11
   713 | D:4      | Learned a level 4 spell: Petrify
   737 | D:4      | Found a sand-covered staircase.
   743 | Ossuary  | Entered an ossuary
  1073 | Ossuary  | Reached XP level 5. HP: 30/37 MP: 5/12
  1083 | Ossuary  | Learned a level 5 spell: Lee's Rapid Deconstruction
  1323 | D:4      | Found an ancient bone altar of Kikubaaqudgha.
  1331 | D:4      | Noticed 4thArraOfDagon's ghost (weakling HOEn)
  1336 | D:4      | Killed 4thArraOfDagon's ghost
  1336 | D:4      | Reached XP level 6. HP: 44/44 MP: 2/13
  1516 | D:4      | Noticed a phantom
  1528 | D:4      | Killed a phantom
  1528 | D:4      | Reached skill level 5 in Dodging
  2287 | D:5      | Noticed a slave
  2288 | D:5      | Noticed Pikel
  2288 | D:5      | Noticed a slave
  2288 | D:5      | Noticed a slave
  2291 | D:5      | Killed a slave
  2297 | D:5      | Noticed a slave
  2308 | D:5      | Killed a slave
  2336 | D:5      | Killed Pikel
  2336 | D:5      | Reached skill level 5 in Stealth
  2336 | D:5      | Reached skill level 7 in Earth Magic
  2336 | D:5      | Reached XP level 7. HP: 51/51 MP: 0/15
  2336 | D:5      | Reached XP level 8. HP: 57/57 MP: 0/16
  2464 | D:5      | Found a deep blue altar of Sif Muna.
  2861 | D:5      | Noticed a yak
  2864 | D:5      | Noticed a yak
  2865 | D:5      | Noticed a yak
  2868 | D:5      | Killed a yak
  2870 | D:5      | Noticed a yak
  2877 | D:5      | Killed a yak
  2898 | D:5      | Killed a yak
  2945 | D:5      | Killed a yak
  2945 | D:5      | Reached XP level 9. HP: 41/65 MP: 1/18
  3219 | D:5      | Found Jobuis's Weapon Boutique.
  3220 | D:5      | Noticed 4thArraOfDagon's ghost (novice HOEn)
  3236 | D:5      | Killed 4thArraOfDagon's ghost
  3415 | D:5      | Found Vissufid's Jewellery Shop.
  3578 | D:6      | Found an ornate altar of the Wu Jian Council.
  3606 | D:6      | Found a sacrificial altar of Ru.
  3626 | D:6      | Found a glowing golden altar of the Shining One.
  3639 | D:6      | Reached skill level 5 in Transmutations
  3855 | D:6      | Found a burning altar of Makhleb.
  3860 | D:6      | Found a glowing silver altar of Zin.
  3860 | D:6      | Noticed a cacodemon
  3861 | D:6      | Noticed an angel
  3937 | D:6      | Found a staircase to the Ecumenical Temple.
  3947 | Temple   | Entered the Ecumenical Temple
  4144 | Temple   | Became a worshipper of Ashenzari the Shackled
  4190 | D:6      | Found an opulent altar of Gozag.
  4729 | D:2      | Reached skill level 8 in Earth Magic
  5064 | D:3      | Found a basalt altar of Yredelemnul.
  5395 | D:3      | Found a faded altar of an unknown god.
  6340 | D:7      | Found a snail-covered altar of Cheibriados.
  6503 | D:7      | Found a sparkling altar of Nemelex Xobeh.
  6513 | D:7      | Reached XP level 10. HP: 73/73 MP: 9/20
  6519 | D:7      | Found a hazy altar of Hepliaklqana.
  6660 | D:8      | Identified the Papyrus of the Whelk
  6737 | D:8      | Reached * piety under Ashenzari
  7062 | D:8      | Noticed a two-headed ogre
  7349 | D:9      | Reached skill level 5 in Fighting
  7349 | D:9      | Reached skill level 5 in Short Blades
  7349 | D:9      | Reached skill level 5 in Long Blades
  7349 | D:9      | Reached skill level 5 in Axes
  7349 | D:9      | Reached skill level 5 in Maces & Flails
  7349 | D:9      | Reached skill level 5 in Polearms
  7349 | D:9      | Reached skill level 5 in Staves
  7349 | D:9      | Reached skill level 5 in Slings
  7349 | D:9      | Reached skill level 5 in Bows
  7349 | D:9      | Reached skill level 5 in Crossbows
  7349 | D:9      | Reached skill level 5 in Throwing
  7349 | D:9      | Reached skill level 5 in Armour
  7349 | D:9      | Reached skill level 5 in Shields
  7349 | D:9      | Reached skill level 5 in Unarmed Combat
  7349 | D:9      | Reached skill level 5 in Conjurations
  7349 | D:9      | Reached skill level 5 in Hexes
  7349 | D:9      | Reached skill level 5 in Charms
  7349 | D:9      | Reached skill level 5 in Summonings
  7349 | D:9      | Reached skill level 5 in Necromancy
  7349 | D:9      | Reached skill level 5 in Translocations
  7349 | D:9      | Reached skill level 5 in Fire Magic
  7349 | D:9      | Reached skill level 5 in Ice Magic
  7349 | D:9      | Reached skill level 5 in Air Magic
  7349 | D:9      | Reached skill level 5 in Poison Magic
  7349 | D:9      | Reached skill level 5 in Invocations
  7349 | D:9      | Reached skill level 5 in Evocations
  7639 | D:9      | Noticed a two-headed ogre
  7651 | D:9      | Found a sacrificial altar of Ru.
  7726 | D:9      | Noticed Grum
  7734 | D:9      | Killed Grum
  7848 | D:9      | Killed a two-headed ogre
  7903 | D:9      | Noticed a two-headed ogre
  7917 | D:9      | Killed a two-headed ogre
  7917 | D:9      | Reached XP level 11. HP: 80/81 MP: 3/22
  8046 | D:9      | Noticed Erolcha
  8188 | D:9      | Noticed Prince Ribbit
  8247 | D:9      | Killed Erolcha
  8247 | D:9      | Killed Prince Ribbit
  8247 | D:9      | Reached skill level 9 in Earth Magic
  8354 | D:9      | Got the cursed rapier "Wawah" {flame, rN+ Int+6}
  8938 | D:8      | Found Enty's Book Shoppe.
  9057 | D:8      | Noticed Maurice
  9071 | D:8      | Killed Maurice
  9368 | D:10     | Entered Level 10 of the Dungeon
  9407 | D:10     | Found a staircase to the Lair.
  9683 | D:10     | Noticed a two-headed ogre
  9698 | D:10     | Killed a two-headed ogre
 10015 | D:10     | Reached ** piety under Ashenzari
 10077 | D:10     | Learned a level 1 spell: Summon Butterflies
 10084 | D:10     | Learned a level 6 spell: Iron Shot
 10116 | D:10     | Killed an unseen horror
 10434 | D:5      | Bought the ring of Lucidity {rElec AC+3 Dex+4} for 564 gold pieces
 10552 | D:8      | Killed a two-headed ogre
 10596 | D:11     | Found a sacrificial altar of Ru.
 10606 | D:11     | Found a staircase to the Orcish Mines.
 10988 | D:11     | Noticed a two-headed ogre
 11010 | D:11     | Killed a two-headed ogre
 11010 | D:11     | Reached XP level 12. HP: 89/89 MP: 18/24
 11531 | D:12     | Found a frozen archway.
 11600 | IceCv    | Entered an ice cave
 11987 | IceCv    | HP: 4/91 [wolf (12)]
 12351 | IceCv    | Learned a level 6 spell: Shadow Creatures
 13214 | IceCv    | Reached skill level 10 in Earth Magic
 13371 | IceCv    | Noticed a death yak
 13381 | IceCv    | Killed a death yak
 13401 | IceCv    | Noticed a frost giant
 13467 | IceCv    | Killed a frost giant
 13541 | D:12     | Reached XP level 13. HP: 81/98 MP: 12/26
 14502 | D:12     | Slain by a catoblepas

Vault maps used:
D:1:      dpeg_arrival_simpleton_b
D:2:      first_bread, minmay_close_crescents
D:3:      minmay_roachtagon, yredelemnul_altar_generic,
          chequers_ecumenical_altar_simple_redux, minmay_misc_feat_diagonals
D:4:      nicolae_overflow_crystal_walls, nicolae_ossuary_entry_plus
D:5:      overflow_temple_1_default, serial_shops, nicolae_shop_waterfront,
          shop, uniq_pikel
D:6:      grunt_temple_overflow_order_and_chaos_2, tso_metal_star,
          lemuel_round_altar, lemuel_doored_altar, lemuel_temple_firewalk_b,
          basic_altar
D:7:      lemuel_round_altar, amethyst_overflow_temple_binary
D:8:      serial_shops, shop, uniq_maurice
D:9:      serial_co_window_serial, co_window_paths_b, co_window_corner_a,
          co_window_of_opportunity_a, co_window_paths_a, co_window_paths_a,
          co_window_broadway_a, co_window_corner_b, co_window_corner_cb,
          co_window_unsneaky_path_b, co_window_of_opportunity_b,
          glass_columns_a, glass_columns_a, glass_columns_a, david_nohive_1,
          nicolae_ru_great_annihilating_truth, uniq_prince_ribbit1, uniq_grum,
          uniq_erolcha
D:10:     lair_entry_dummy
D:11:     minmay_orc_entry_guard_dogs, basic_altar
D:12:     nzn_motion_control, portal_ice_cave_entry_imps, minmay_fountain_box
Temple:   minmay_temple_curvy_loop
Ossuary:  ossuary_tomb_3
IceCv:    ice_cave_caverns_02

Skill      XL: |  1  2  3  4  5  6  7  8  9 10 11 12 13 |
---------------+----------------------------------------+-----
Spellcasting   | 5 6 7 8 9 |  9.6
Fighting       | 1 2 3 4 5 6 7 8 |  8.1
Short Blades   | 1 2 3 4 5 6 7 8 |  8.1
Long Blades    | 1 2 3 4 5 6 7 8 |  8.1
Axes           | 1 2 3 4 5 6 7 8 |  8.1
Maces & Flails | 1 2 3 4 5 6 7 8 |  8.1
Polearms       | 1 2 3 4 5 6 7 8 |  8.1
Staves         | 1 2 3 4 5 6 7 8 |  8.1
Slings         | 1 2 3 4 5 6 7 8 |  8.1
Bows           | 1 2 3 4 5 6 7 8 |  8.1
Crossbows      | 1 2 3 4 5 6 7 8 |  8.1
Throwing       | 1 2 3 4 5 6 7 8 |  8.1
Armour         | 1 2 3 4 5 6 7 8 |  8.1
Shields        | 1 2 3 4 5 6 7 8 |  8.1
Unarmed Combat | 1 2 3 4 5 6 7 8 |  8.1
Conjurations   | 1 2 3 4 5 6 7 8 |  8.1
Hexes          | 1 2 3 4 5 6 7 8 |  8.1
Charms         | 1 2 3 4 5 6 7 8 |  8.1
Summonings     | 1 2 3 4 5 6 7 8 |  8.1
Necromancy     | 1 2 3 4 5 6 7 8 |  8.1
Translocations | 1 2 3 4 5 6 7 8 |  8.1
Fire Magic     | 1 2 3 4 5 6 7 8 |  8.1
Ice Magic      | 1 2 3 4 5 6 7 8 |  8.1
Air Magic      | 1 2 3 4 5 6 7 8 |  8.1
Poison Magic   | 1 2 3 4 5 6 7 8 |  8.1
Invocations    | 1 2 3 4 5 6 7 8 |  8.1
Evocations     | 1 2 3 4 5 6 7 8 |  8.1
Transmutations | 3 4 5 6 7 8 |  8.6
Dodging        | 5 6 7 8 9 |  9.4
Stealth        | 5 6 7 8 9 |  9.2
Earth Magic    | 7 8 9 10 | 10.4

Action                   |  1- 3 |  4- 6 |  7- 9 | 10-12 | 13-15 || total
-------------------------+-------+-------+-------+-------+-------++-------
Melee: Unarmed           |     8 |       |       |       |       ||     8
       Dagger            |    59 |    23 |    44 |       |       ||   126
       Bite              |     7 |     6 |    18 |    50 |     8 ||    89
       Punch             |     1 |       |     3 |    15 |     2 ||    21
       Short sword       |       |       |   242 |   529 |    47 ||   818
Throw: Stone             |       |       |       |     2 |       ||     2
 Cast: Sandblast         |    13 |    57 |    81 |    79 |     2 ||   232
       Passwall          |     8 |     1 |     6 |    38 |     1 ||    54
       Lee's Rapid Decon |       |     5 |    15 |    25 |    25 ||    70
       Petrify           |       |     1 |    18 |    99 |    10 ||   128
       Iron Shot         |       |       |       |     3 |       ||     3
       Shadow Creatures  |       |       |       |     1 |       ||     1
Invok: Curse Item        |       |       |       |     2 |       ||     2
Evoke: Wand              |       |       |       |       |     1 ||     1
  Use: Scroll            |       |       |       |     4 |     2 ||     6
       Potion            |       |       |       |     3 |     4 ||     7
 Stab: Distracted        |     1 |       |     1 |     1 |       ||     3
       Sleeping          |     5 |     2 |     7 |    21 |     2 ||    37
       Petrified         |       |     3 |    18 |    97 |     4 ||   122
       Petrifying        |       |       |       |    30 |     5 ||    35
       Paralysed         |       |       |       |     1 |     1 ||     2
  Eat: Chunk             |       |     1 |    13 |    29 |     3 ||    46
       Bread ration      |       |     1 |       |       |       ||     1
       Fruit             |       |       |     1 |     4 |       ||     5
       Meat ration       |       |       |     1 |       |       ||     1
       Royal jelly       |       |       |       |     2 |     2 ||     4
Armor: Robe              |    11 |     5 |    33 |   104 |    18 ||   171
Dodge: Dodged            |    44 |    28 |   191 |   351 |    38 ||   652

Table legend:
 A = Spawn XP
 B = Non-spawn XP
 C = Spawn XP percentage of total XP
 D = Spawn monster count
 E = Non-spawn monster count
 F = Spawn count percentage of total count
 G = Total turns spent on level
                    A         B        C        D         E        F      G
               +---------+---------+-------+---------+---------+-------+---------
         Total |       0 |   41700 |   0.0 |       0 |     396 |   0.0 | 14502
               +---------+---------+-------+---------+---------+-------+---------
           D:1 |       0 |      20 |   0.0 |       0 |      14 |   0.0 |   543
           D:2 |       0 |     162 |   0.0 |       0 |      32 |   0.0 |   648
           D:3 |       0 |     112 |   0.0 |       0 |      29 |   0.0 |   910
           D:4 |       0 |     358 |   0.0 |       0 |      14 |   0.0 |   999
           D:5 |       0 |    2486 |   0.0 |       0 |      28 |   0.0 |  1425
           D:6 |       0 |     670 |   0.0 |       0 |      19 |   0.0 |   653
           D:7 |       0 |     801 |   0.0 |       0 |      26 |   0.0 |   827
           D:8 |       0 |    1953 |   0.0 |       0 |      21 |   0.0 |   924
           D:9 |       0 |    6248 |   0.0 |       0 |      54 |   0.0 |  1934
          D:10 |       0 |    3355 |   0.0 |       0 |      16 |   0.0 |   946
          D:11 |       0 |    5092 |   0.0 |       0 |      42 |   0.0 |   910
          D:12 |       0 |   10170 |   0.0 |       0 |      41 |   0.0 |  1079
       Ossuary |       0 |     168 |   0.0 |       0 |      16 |   0.0 |   561
         IceCv |       0 |   10105 |   0.0 |       0 |      44 |   0.0 |  1922
               +---------+---------+-------+---------+---------+-------+---------
